PAAA
ATHLETIC CLUB KC RESERVES @ BANGOR TRIDENT BASE OGRES
08/31/2020
 
TOP OF THE 1ST
Athletic Club KC Reserves batting - Pitching for Bangor Trident Base Ogres : RHP Jim Unknown
Pitching: RHP Jim Unknown
Batting: RHB Javier Díaz 0-0: SINGLE (Groundball, 5L)
Batting: RHB Adam Hennessey 0-0: Ball
1-0: Foul Ball, location: 2F
1-1: Ball
2-1: Foul Ball, location: 2F
2-2: SINGLE (Line Drive, 4MD)
Javier Díaz to second
Batting: LHB Rafael García 0-0: Foul Ball, location: 2F
0-1: Grounds into double play, 1-6-3 (Groundball, 15)
Javier Díaz to third
Batting: RHB Nick Simmons 0-0: Ball
1-0: Foul Ball, location: 2F
1-1: Fly out, F9 (Flyball, 9S)
Top of the 1st over - 0 run(s), 2 hit(s), 0 error(s), 1 left on base; Athletic Club KC 0 - Bangor Trident Base 0
BOTTOM OF THE 1ST
Bangor Trident Base Ogres batting - Pitching for Athletic Club KC Reserves : LHP Stanley Anderson
Pitching: LHP Stanley Anderson
Batting: LHB Jim Unknown 0-0: Called Strike
0-1: Fly out, F6 (Popup, 6D)
Batting: RHB Jim Unknown 0-0: Ball
1-0: Swinging Strike
1-1: Ground out 5-3 (Groundball, 56S)
Batting: RHB Joe Craig 0-0: Called Strike
0-1: Ball
1-1: Fly out, F2 (Popup, 2LF)
Bottom of the 1st over - 0 run(s), 0 hit(s), 0 error(s), 0 left on base; Athletic Club KC 0 - Bangor Trident Base 0
TOP OF THE 2ND
Athletic Club KC Reserves batting - Pitching for Bangor Trident Base Ogres : RHP Jim Unknown
Batting: RHB Bill Dennis 0-0: Foul Ball, location: 2F
0-1: Fly out, F9 (Popup, 9S)
Batting: RHB Robert Hill 0-0: Swinging Strike
0-1: Called Strike
0-2: Foul Ball, location: 2F
0-2: Ball
1-2: Fly out, F8 (Flyball, 8LM)
Batting: RHB Justin Miles 0-0: Called Strike
0-1: Fly out, F6 (Line Drive, 6M)
Top of the 2nd over - 0 run(s), 0 hit(s), 0 error(s), 0 left on base; Athletic Club KC 0 - Bangor Trident Base 0
BOTTOM OF THE 2ND
Bangor Trident Base Ogres batting - Pitching for Athletic Club KC Reserves : LHP Stanley Anderson
Batting: RHB Jake Hutchinson 0-0: Ball
1-0: Fly out, F4 (Popup, 3F)
Batting: RHB Jim Unknown 0-0: Called Strike
0-1: Ball
1-1: Ground out 1-3 (Groundball, 23)
Batting: RHB Jim Unknown 0-0: Called Strike
0-1: Foul Ball, location: 2F
0-2: Foul Ball, location: 2F
0-2: Ball
1-2: Strikes out looking
Bottom of the 2nd over - 0 run(s), 0 hit(s), 0 error(s), 0 left on base; Athletic Club KC 0 - Bangor Trident Base 0
TOP OF THE 3RD
Athletic Club KC Reserves batting - Pitching for Bangor Trident Base Ogres : RHP Jim Unknown
Batting: RHB Allen Murphy 0-0: Called Strike
0-1: SINGLE (Line Drive, 56D)
Batting: RHB Eddie O'Bryan 0-0: Ball
1-0: Swinging Strike
1-1: Fly out, F8 (Line Drive, 8RM)
Batting: RHB Javier Díaz 0-0: Called Strike
0-1: Called Strike
0-2: Grounds into double play, 6-4-3 (Groundball, 6)
Top of the 3rd over - 0 run(s), 1 hit(s), 0 error(s), 0 left on base; Athletic Club KC 0 - Bangor Trident Base 0
BOTTOM OF THE 3RD
Bangor Trident Base Ogres batting - Pitching for Athletic Club KC Reserves : LHP Stanley Anderson
Batting: RHB Jim Unknown 0-0: Ball
1-0: Called Strike
1-1: Called Strike
1-2: SINGLE (Line Drive, 9S)
Batting: LHB Jim Unknown 0-0: Ground out 4-3 (Groundball, 13)
Jim Unknown to second
Batting: RHB Jim Unknown 0-0: Foul Ball, location: 2F
0-1: Ball
1-1: Foul Ball, location: 2F
1-2: Fly out, F8 (Flyball, 8RS)
Batting: LHB Jim Unknown 0-0: Ball
1-0: Called Strike
1-1: Ball
2-1: SINGLE (Groundball, 3D)
Jim Unknown to third
Runner from 3rd tries for Home, SAFE, no throw or cutoff
Batting: RHB Jim Unknown 0-0: Foul Ball, location: 2F
0-1: Fly out, F9 (Flyball, 9M)
Bottom of the 3rd over - 1 run(s), 2 hit(s), 0 error(s), 1 left on base; Athletic Club KC 0 - Bangor Trident Base 1
TOP OF THE 4TH
Athletic Club KC Reserves batting - Pitching for Bangor Trident Base Ogres : RHP Jim Unknown
Batting: RHB Adam Hennessey 0-0: DOUBLE (Line Drive, 89XD)
Batting: LHB Rafael García 0-0: Ball
Wild Pitch!
Adam Hennessey to third
1-0: DOUBLE (Line Drive, 3D)
Adam Hennessey scores
Batting: RHB Nick Simmons 0-0: Ball
1-0: Foul Ball, location: 2F
1-1: Ball
2-1: Foul Ball, location: 2F
2-2: Fly out, F9 (Flyball, 9D)
Runner from 2nd tags up, SAFE at 3rd, no throw
Batting: RHB Bill Dennis 0-0: Called Strike
0-1: Ball
1-1: Called Strike
1-2: Fly out, F3 (Popup, 3SF)
Batting: RHB Robert Hill 0-0: Fly out, F4 (Line Drive, 34)
Top of the 4th over - 1 run(s), 2 hit(s), 0 error(s), 1 left on base; Athletic Club KC 1 - Bangor Trident Base 1
BOTTOM OF THE 4TH
Bangor Trident Base Ogres batting - Pitching for Athletic Club KC Reserves : LHP Stanley Anderson
Batting: RHB Joe Craig 0-0: Ground out 4-3 (Groundball, 4)
Batting: RHB Jake Hutchinson 0-0: Called Strike
0-1: Ball
1-1: Ball
2-1: Foul Ball, location: 2F
2-2: Fly out, F9 (Popup, 9S)
Batting: RHB Jim Unknown 0-0: Called Strike
0-1: Called Strike
0-2: Ball
1-2: Foul Ball, location: 2F
1-2: Ground out 2-3 (Groundball, 23)
Bottom of the 4th over - 0 run(s), 0 hit(s), 0 error(s), 0 left on base; Athletic Club KC 1 - Bangor Trident Base 1
TOP OF THE 5TH
Athletic Club KC Reserves batting - Pitching for Bangor Trident Base Ogres : RHP Jim Unknown
Batting: RHB Justin Miles 0-0: Ball
1-0: Ball
2-0: Fly out, F5 (Popup, 5F)
Batting: RHB Allen Murphy 0-0: SINGLE (Groundball, 6D)
Batting: RHB Eddie O'Bryan 0-0: Foul Ball, location: 2F
0-1: Called Strike
0-2: Ball
1-2: Ball
2-2: Ball
3-2: Fly out, F8 (Popup, 4MD)
Batting: RHB Javier Díaz 0-0: Ball
1-0: Ground out 4-3 (Groundball, 4)
Top of the 5th over - 0 run(s), 1 hit(s), 0 error(s), 1 left on base; Athletic Club KC 1 - Bangor Trident Base 1
BOTTOM OF THE 5TH
Bangor Trident Base Ogres batting - Pitching for Athletic Club KC Reserves : LHP Stanley Anderson
Batting: RHB Jim Unknown 0-0: Ball
1-0: Called Strike
1-1: SINGLE (Groundball, 56D)
Batting: RHB Jim Unknown 0-0: Ball
1-0: Sac Bunt - play at first, batter OUT! 1-3
Jim Unknown to second
Batting: LHB Jim Unknown 0-0: Ball
1-0: Ball
2-0: Ball
3-0: Called Strike
3-1: Foul Ball, location: 2F
3-2: Foul Ball, location: 2F
3-2: Foul Ball, location: 2F
3-2: Ground out 4-3 (Groundball, 4)
Jim Unknown to third
Batting: RHB Jim Unknown 0-0: Ball
1-0: Foul Ball, location: 2F
1-1: Foul Ball, location: 2F
1-2: Fly out, F8 (Flyball, 89D)
Bottom of the 5th over - 0 run(s), 1 hit(s), 0 error(s), 1 left on base; Athletic Club KC 1 - Bangor Trident Base 1
TOP OF THE 6TH
Athletic Club KC Reserves batting - Pitching for Bangor Trident Base Ogres : RHP Jim Unknown
Batting: RHB Adam Hennessey 0-0: Ground out 6-3 (Groundball, 6M)
Batting: LHB Rafael García 0-0: Swinging Strike
0-1: Ball
1-1: Foul Ball, location: 2F
1-2: Ball
2-2: Foul Ball, location: 2F
2-2: Ball
3-2: Fly out, F4 (Line Drive, 4)
Batting: RHB Nick Simmons 0-0: Ground out 1-3 (Groundball, 23)
Top of the 6th over - 0 run(s), 0 hit(s), 0 error(s), 0 left on base; Athletic Club KC 1 - Bangor Trident Base 1
BOTTOM OF THE 6TH
Bangor Trident Base Ogres batting - Pitching for Athletic Club KC Reserves : LHP Stanley Anderson
Batting: LHB Jim Unknown 0-0: SINGLE (Flyball, 8LS)
Batting: RHB Jim Unknown 0-0: Sac Bunt - play at first, batter OUT! 5-3
Jim Unknown to second
Batting: RHB Joe Craig 0-0: Foul Ball, location: 2F
0-1: Ball
1-1: Ground out 4-3 (Groundball, 4M)
Jim Unknown to third
Batting: RHB Jake Hutchinson 0-0: Called Strike
0-1: Ground out 2-3 (Groundball, 2L)
Bottom of the 6th over - 0 run(s), 1 hit(s), 0 error(s), 1 left on base; Athletic Club KC 1 - Bangor Trident Base 1
TOP OF THE 7TH
Athletic Club KC Reserves batting - Pitching for Bangor Trident Base Ogres : RHP Jim Unknown
Batting: RHB Bill Dennis 0-0: Fly out, F8 (Flyball, 8LD)
Batting: RHB Robert Hill 0-0: Ball
1-0: Foul Ball, location: 2F
1-1: Fly out, F3 (Popup, 3SF)
Batting: RHB Justin Miles 0-0: Ball
1-0: Ball
2-0: Ground out 4-3 (Groundball, 4M)
Top of the 7th over - 0 run(s), 0 hit(s), 0 error(s), 0 left on base; Athletic Club KC 1 - Bangor Trident Base 1
BOTTOM OF THE 7TH
Bangor Trident Base Ogres batting - Pitching for Athletic Club KC Reserves : LHP Stanley Anderson
Batting: RHB Jim Unknown 0-0: Fly out, F4 (Line Drive, 4M)
Batting: RHB Jim Unknown 0-0: Ball
1-0: SINGLE (Line Drive, 6D)
Batting: RHB Jim Unknown 0-0: Fly out, F3 (Popup, 3F)
Pinch Hitting: RHB Jim Unknown 0-0: Called Strike
0-1: Called Strike
0-2: Ball
1-2: Fly out, F9 (Flyball, 9LM)
Bottom of the 7th over - 0 run(s), 1 hit(s), 0 error(s), 1 left on base; Athletic Club KC 1 - Bangor Trident Base 1
TOP OF THE 8TH
Athletic Club KC Reserves batting - Pitching for Bangor Trident Base Ogres : RHP Jim Unknown
Now at 1B: Jim Unknown
Batting: RHB Allen Murphy 0-0: Foul Ball, location: 2F
0-1: SINGLE (Groundball, 6M)
Batting: RHB Eddie O'Bryan 0-0: Bunted foul
0-1: Sac Bunt - play at first, batter OUT! 1-4
Allen Murphy to second
Pinch Hitting: LHB Jim Unknown 0-0: Intentional Walk
Batting: RHB Adam Hennessey 0-0: Called Strike
0-1: Foul Ball, location: 2F
0-2: Ball
1-2: Ball
2-2: Fly out, F8 (Line Drive, 8LS)
Batting: LHB Rafael García 0-0: Called Strike
0-1: Ball
1-1: Ball
2-1: Swinging Strike
2-2: SINGLE (Groundball, 13) (infield hit)
Allen Murphy to third
Jim Unknown to second
Batting: RHB Nick Simmons 0-0: Ball
1-0: Called Strike
1-1: Foul Ball, location: 2F
1-2: Ground out 5-3 (Groundball, 5)
Top of the 8th over - 0 run(s), 2 hit(s), 0 error(s), 3 left on base; Athletic Club KC 1 - Bangor Trident Base 1
BOTTOM OF THE 8TH
Bangor Trident Base Ogres batting - Pitching for Athletic Club KC Reserves : LHP Stanley Anderson
Now at SS: Karl Stevens
Batting: RHB Jim Unknown 0-0: Ball
1-0: Called Strike
1-1: Ball
2-1: Ball
3-1: Foul Ball, location: 2F
3-2: SINGLE (Line Drive, 8RS)
Batting: LHB Jim Unknown 0-0: Sac Bunt - play at first, batter OUT! 1-4
Jim Unknown to second
Batting: RHB Jim Unknown 0-0: Ball
1-0: Called Strike
1-1: Foul Ball, location: 2F
1-2: Fly out, F7 (Line Drive, 78M)
Batting: RHB Joe Craig 0-0: Ball
1-0: Ground out 4-3 (Groundball, 34)
Bottom of the 8th over - 0 run(s), 1 hit(s), 0 error(s), 1 left on base; Athletic Club KC 1 - Bangor Trident Base 1
TOP OF THE 9TH
Athletic Club KC Reserves batting - Pitching for Bangor Trident Base Ogres : RHP Jim Unknown
Pitching: RHP Jim Unknown
Batting: RHB Bill Dennis 0-0: Ball
1-0: Called Strike
1-1: Fly out, F4 (Popup, 3DF)
Batting: RHB Robert Hill 0-0: Foul Ball, location: 2F
0-1: Ball
1-1: Foul Ball, location: 2F
1-2: Ball
2-2: Strikes out looking
Batting: RHB Justin Miles 0-0: Swinging Strike
0-1: Ball
1-1: Fly out, F9 (Flyball, 9M)
Top of the 9th over - 0 run(s), 0 hit(s), 0 error(s), 0 left on base; Athletic Club KC 1 - Bangor Trident Base 1
BOTTOM OF THE 9TH
Bangor Trident Base Ogres batting - Pitching for Athletic Club KC Reserves : LHP Stanley Anderson
Pitching: RHP Artie Beardsall
Batting: RHB Jake Hutchinson 0-0: Fly out, F9 (Flyball, 89M)
Batting: RHB Jim Unknown 0-0: Called Strike
0-1: Ball
1-1: Ball
2-1: Ball
3-1: Base on Balls
Batting: RHB Jim Unknown 0-0: Foul Ball, location: 2F
0-1: SINGLE (Flyball, 89M)
Jim Unknown to second
Runner from 2nd tries for 3rd, SAFE, throw made to third
Jim Unknown to second
Batting: RHB Jim Unknown 0-0: Intentional Walk
Batting: RHB Jim Unknown 0-0: Ball
1-0: Foul Ball, location: 2F
1-1: SINGLE (Line Drive, 34D)
Jim Unknown scores
This league is powered by Out of the Park Baseball, the baseball management simulation game for PC, Mac and Linux
Friday, October 23rd, 2015 - OOTP Baseball 16.9 Build 39